 Dungeon Crawl Stone Soup version 0.22.1-1-ga44c0e56f4 (webtiles) character file.

326 coier1 the Protected (level 6, 0/53 HPs)
             Began as a Gnoll Wanderer on Nov 11, 2018.
             Killed by nerve-wracking pain
             ... invoked by an orc priest
              (10 damage)
             ... on level 3 of the Dungeon.
             The game lasted 00:01:07 (1343 turns).

coier1 the Protected (Gnoll Wanderer)               Turns: 1343, Time: 00:01:08

Health: 0/53       AC:  8    Str: 17    XL:     6   Next: 49%
Magic:  9/9        EV: 11    Int: 13    God:
Gold:   83         SH:  0    Dex: 15    Spells: 9/9 levels left

rFire    . . .     SeeInvis .   a - +2 hand crossbow
rCold    . . .     Gourm    .   (no shield)
rNeg     . . .     Faith    .   d - +0 ring mail
rPois    .         Spirit   .   q - +0 helmet
rElec    .         Reflect  .   (no cloak)
rCorr    .         Harm     .   (no gloves)
MR       .....                  (no boots)
Stlth    ++........             (no amulet)
HPRegen  0.17/turn              (no ring)
MPRegen  0.11/turn              (no ring)

@: no status effects
A: distributed training, fangs 1, strong nose
a: no special abilities


You were on level 3 of the Dungeon.
You were very hungry.

You visited 1 branch of the dungeon, and saw 3 of its levels.

You collected 83 gold pieces.

Inventory:

Hand Weapons
 a - a +2 hand crossbow (weapon)
 c - a +0 hand axe
Missiles
 b - 9 bolts (quivered)
Armour
 d - a +0 ring mail (worn)
 q - a +0 helmet (worn)
Jewellery
 m - an uncursed ring of stealth {unknown}
Scrolls
 e - a scroll of amnesia {unknown}
 h - 3 scrolls of enchant weapon {unknown}
 j - 2 scrolls of identify {unknown}
 l - a scroll of immolation {unknown}
 n - 2 scrolls of remove curse {unknown}
Potions
 g - a potion of magic {unknown}
 i - 3 potions of curing {unknown}
 k - 2 potions of invisibility {unknown}
 o - 2 potions of lignification {unknown}
 p - 2 potions of berserk rage {unknown}
 r - a potion of resistance {unknown}
Comestibles
 f - 5 rations


   Skills:
 + Level 6.8 Fighting
 + Level 2.0 Short Blades
 + Level 2.0 Long Blades
 + Level 2.0 Axes
 + Level 2.0 Maces & Flails
 + Level 2.0 Polearms
 + Level 2.0 Staves
 + Level 2.0 Slings
 + Level 2.0 Bows
 + Level 3.2 Crossbows
 + Level 2.0 Throwing
 + Level 8.7 Armour
 + Level 2.0 Dodging
 + Level 3.1 Stealth
 + Level 2.0 Shields
 + Level 2.0 Unarmed Combat
 + Level 2.0 Spellcasting
 + Level 1.5 Conjurations
 + Level 1.5 Hexes
 + Level 1.5 Charms
 + Level 1.5 Summonings
 + Level 1.5 Necromancy
 + Level 1.5 Translocations
 + Level 1.5 Transmutations
 + Level 1.5 Fire Magic
 + Level 1.5 Ice Magic
 + Level 1.5 Air Magic
 + Level 1.5 Earth Magic
 + Level 1.5 Poison Magic
 + Level 2.1 Invocations
 + Level 3.2 Evocations


You had 9 spell levels left.
You didn't know any spells.
Your spell library was empty.

Dungeon Overview and Level Annotations

Branches:
Dungeon (3/15)

Altars:
Dithmenos
Yredelemnul


Innate Abilities, Weirdness & Mutations

Your experience applies equally to all skills.
You have very sharp teeth.
Your uncanny sense of smell can sniff out nearby items.


Message History

Aim: an orc, wielding a short sword (almost dead)
You shoot a bolt. The bolt hits the orc.
You kill the orc!
The orc priest calls down the wrath of Beogh upon you.
Beogh smites you!
* * * LOW HITPOINT WARNING * * *
Firing (i - inventory)
b - 11 bolts (quivered)
Press: ? - help, Shift-Dir - straight line, f - orc priest
Aim: an orc priest, wielding a club and wearing a scale mail (severely wounded)
You shoot a bolt. The bolt hits the orc priest.
The orc priest is almost dead.
The orc priest hits you with a club.
* * * LOW HITPOINT WARNING * * *
Firing (i - inventory)
b - 10 bolts (quivered)
Press: ? - help, Shift-Dir - straight line, f/p - orc priest
Aim: an orc priest, wielding a club and wearing a scale mail (almost dead)
You shoot a bolt. The bolt closely misses the orc priest.
The orc priest mumbles some strange prayers to Beogh against you.
Pain shoots through your body!
You die...

....#
#.....(..#
....#
#.....(..#
>..
#........#
#(.....(.#
#(.......#
#....((..#
#)# #o# #@#
#.#
#.#########
#..........
#..########
#.######.####
#...........#
#.###.#####.#
#.# #


You could see an orc priest.

Vanquished Creatures
  Grinder (D:3)
  4 gnolls (D:2)
  2 adders
  2 oozes
  2 worms
  A leopard gecko (D:2)
  4 orcs (D:3)
  7 bats
  4 giant cockroaches
  5 goblins
  4 hobgoblins
  2 frilled lizards
  8 kobolds
  7 rats
53 creatures vanquished.

Notes
Turn   | Place    | Note
-------+----------+-------------------------------------------
     0 | D:1      | coier1 the Gnoll Wanderer began the quest for the Orb.
     0 | D:1      | coier1 set off with: a +2 hand crossbow, 23 bolts, a +0
                  | hand axe, a +0 ring mail, a ration
     0 | D:1      | Reached XP level 1. HP: 23/23 MP: 2/2
   102 | D:1      | Reached XP level 2. HP: 29/29 MP: 3/3
   265 | D:1      | Reached XP level 3. HP: 35/35 MP: 4/4
   509 | D:2      | Reached skill level 1 in Invocations
   511 | D:2      | Reached skill level 1 in Short Blades
   511 | D:2      | Reached skill level 1 in Long Blades
   511 | D:2      | Reached skill level 1 in Axes
   511 | D:2      | Reached skill level 1 in Maces & Flails
   511 | D:2      | Reached skill level 1 in Polearms
   511 | D:2      | Reached skill level 1 in Staves
   511 | D:2      | Reached skill level 1 in Slings
   511 | D:2      | Reached skill level 1 in Bows
   511 | D:2      | Reached skill level 1 in Throwing
   511 | D:2      | Reached skill level 1 in Dodging
   511 | D:2      | Reached skill level 1 in Shields
   511 | D:2      | Reached skill level 1 in Unarmed Combat
   511 | D:2      | Reached skill level 1 in Spellcasting
   515 | D:2      | Reached XP level 4. HP: 36/41 MP: 4/6
   557 | D:2      | Found a shadowy altar of Dithmenos.
   632 | D:2      | Reached skill level 1 in Conjurations
   632 | D:2      | Reached skill level 1 in Hexes
   632 | D:2      | Reached skill level 1 in Charms
   632 | D:2      | Reached skill level 1 in Summonings
   632 | D:2      | Reached skill level 1 in Necromancy
   632 | D:2      | Reached skill level 1 in Translocations
   632 | D:2      | Reached skill level 1 in Transmutations
   632 | D:2      | Reached skill level 1 in Fire Magic
   632 | D:2      | Reached skill level 1 in Ice Magic
   632 | D:2      | Reached skill level 1 in Air Magic
   632 | D:2      | Reached skill level 1 in Earth Magic
   632 | D:2      | Reached skill level 1 in Poison Magic
   883 | D:2      | Found a basalt altar of Yredelemnul.
  1143 | D:3      | Reached XP level 5. HP: 47/47 MP: 7/7
  1197 | D:3      | Noticed Grinder
  1209 | D:3      | Killed Grinder
  1209 | D:3      | Reached XP level 6. HP: 18/53 MP: 8/8
  1343 | D:3      | Killed from afar by an orc priest

Skill      XL: |  1  2  3  4  5  6 |
---------------+-------------------+-----
Invocations    | 1 2 |  2.1
Short Blades   | 1 2 |  2.0
Long Blades    | 1 2 |  2.0
Axes           | 1 2 |  2.0
Maces & Flails | 1 2 |  2.0
Polearms       | 1 2 |  2.0
Staves         | 1 2 |  2.0
Slings         | 1 2 |  2.0
Bows           | 1 2 |  2.0
Throwing       | 1 2 |  2.0
Dodging        | 1 2 |  2.0
Shields        | 1 2 |  2.0
Unarmed Combat | 1 2 |  2.0
Spellcasting   | 1 2 |  2.0
Conjurations   | 1 |  1.5
Hexes          | 1 |  1.5
Charms         | 1 |  1.5
Summonings     | 1 |  1.5
Necromancy     | 1 |  1.5
Translocations | 1 |  1.5
Transmutations | 1 |  1.5
Fire Magic     | 1 |  1.5
Ice Magic      | 1 |  1.5
Air Magic      | 1 |  1.5
Earth Magic    | 1 |  1.5
Poison Magic   | 1 |  1.5
Crossbows      | 3 |  3.2
Stealth        | 3 |  3.1
Evocations     | 3 |  3.2
Fighting       | |  6.8
Armour         | |  8.7

Action                   |  1- 3 |  4- 6 || total
-------------------------+-------+-------++-------
 Fire: Hand crossbow     |    52 |    66 ||   118
Armor: Ring mail         |     4 |    12 ||    16
Dodge: Dodged            |     2 |    22 ||    24
